 Dungeon Crawl Stone Soup version 0.32-a0-136-gc02482bde3 (webtiles) character file.

Game seed: 3929317194043597610

431 horus123 the Cudgeller (level 6, -1/48 HPs)
             Began as a Demonspawn Gladiator on Feb 11, 2024.
             Was a Follower of Sif Muna.
             Slain by an orc warrior
             ... wielding a +1 hand axe of freezing
              (3 damage)
             ... on level 4 of the Dungeon.
             The game lasted 00:06:23 (3276 turns).

horus123 the Cudgeller (Demonspawn Gladiator)       Turns: 3276, Time: 00:06:23

Health: -1/48      AC: 11    Str: 16    XL:     6   Next: 67%
Magic:  15/15      EV:  7    Int:  9    God:    Sif Muna [*.....]
Gold:   171        SH: 13    Dex: 14    Spells: 5/5 levels left

rFire   . . .        a - +0 flail
rCold   . . .        r - +2 kite shield
rNeg    . . .        p - +0 chain mail
rPois   .            c - +0 helmet
rElec   .            (no cloak)
rCorr   .            (no gloves)
SInv    .            y - +0 pair of boots
Will    +....        (no amulet) Stlth
                     C - ring of willpower
HPRegen 0.28/turn    t - ring of magical power
MPRegen 0.14/turn

%: no passive effects
@: no status effects
A: powered by death 1, sturdy frame 1, condensation shield, demonic touch 1
a: Renounce Religion, Channel Magic


You were on level 4 of the Dungeon.
You worshipped Sif Muna.
Sif Muna was aware of your devotion.
You visited 1 branch of the dungeon, and saw 5 of its levels.

You collected 171 gold pieces.

Inventory:

Hand Weapons
 a - a +0 flail (weapon)
Missiles
 d - 3 throwing nets
 e - a javelin
 o - 5 boomerangs (quivered)
Armour
 b - a +0 leather armour
 c - a +0 helmet (worn)
 j - a +0 ring mail
 p - a +0 chain mail (worn)
 r - a +2 kite shield (worn)
 y - a +0 pair of boots (worn)
Jewellery
 q - a +6 ring of intelligence
 t - a ring of magical power (right hand)
 C - a ring of willpower (left hand)
Scrolls
 f - 2 scrolls of identify {unknown}
 g - a scroll of immolation {unknown}
 i - 3 scrolls of fear {unknown}
 k - 2 scrolls of amnesia {unknown}
 m - a scroll of fog {unknown}
 n - 2 scrolls of blinking {unknown}
 u - a scroll of torment {unknown}
 v - a scroll of enchant weapon {unknown}
 w - a scroll of silence {unknown}
 z - a scroll of noise {unknown}
 A - a scroll of vulnerability {unknown}
 B - a scroll of revelation {unknown}
Potions
 h - a potion of invisibility {unknown}
 l - a potion of resistance {unknown}
 s - a potion of degeneration {unknown}
 x - a potion of attraction {unknown}


   Skills:
 - Level 4.0 Fighting
 - Level 5.3 Maces & Flails
 - Level 1.7 Throwing
 + Level 2.7 Armour
 - Level 2.6 Dodging


You had 5 spell levels left.
You didn't know any spells.
Your spell library contained the following spells:

 Spells                   Type           Power      Damage    Failure   Level
 Summon Small Mammal      Summ           0%         N/A       100%        1
 Call Canine Familiar     Summ           0%         N/A       100%        3
 Dazzling Flash           Conj/Hex       0%         N/A       100%        3
 Volatile Blastmotes      Fire/Tloc      0%         2d10      100%        3
 Summon Blazeheart Golem  Fire/Summ      0%         N/A       100%        4
 Vhi's Electric Charge    Tloc/Air       0%         N/A       100%        4
 Arcjolt                  Conj/Air       0%         1d10      100%        5
 Plasma Beam              Fire/Air       0%         2x1d10    100%        6
 Starburst                Conj/Fire      0%         6d3       100%        6
 Maxwell's Capacitive Co  Air            0%         ∞         100%        8


Dungeon Overview and Level Annotations

Branches:
Dungeon (5/15)
 Temple: D:4-7

Altars:
Fedhas
Makhleb
Sif Muna
Yredelemnul

Annotations:
D:5 1 transporter


Innate Abilities, Weirdness & Mutations

You regenerate a little health from kills.
Your movements are slightly less encumbered by armour. (ER -2)
A meltable shield of frost defends you. (SH +4)
Your touch may inflict minor irresistible damage on your foes.


Message History

Okay, then.
You hit the orc warrior.
The orc warrior is lightly wounded.
You block the orc warrior's attack.
You barely miss the orc warrior.
The orc warrior is lightly wounded.
The orc warrior hits you with a +1 hand axe of freezing.
The orc warrior freezes you. You block the orc warrior's attack.
You hit the orc warrior.
The orc warrior is moderately wounded.
The orc warrior barely misses you.
You barely miss the orc warrior.
The orc warrior is moderately wounded.
The orc warrior barely misses you.
You hit the orc warrior.
The orc warrior is moderately wounded.
The orc warrior hits you with a +1 hand axe of freezing.
The orc warrior freezes you.
The orc warrior hits you with a +1 hand axe of freezing!
The orc warrior freezes you.
* * * LOW HITPOINT WARNING * * *
You hit the orc warrior.
The orc warrior is moderately wounded.
The orc warrior hits you but does no damage.
You hit the orc warrior.
The orc warrior is heavily wounded.
The orc warrior hits you but does no damage.
You barely miss the orc warrior.
The orc warrior is heavily wounded.
You block the orc warrior's attack.
The orc warrior hits you with a +1 hand axe of freezing.
* * * LOW HITPOINT WARNING * * *
The orc warrior freezes you.
* * * LOW HITPOINT WARNING * * *
You hit the orc warrior but do no damage.
The orc warrior is heavily wounded.
The orc warrior hits you with a +1 hand axe of freezing.
* * * LOW HITPOINT WARNING * * *
The orc warrior freezes you.
You die...

.#####.......###.#.#
...............#.#.#
######.####..#.#.#[# ######
#.# #..#.#.#.## ##.....
#.####..#....>.#######.....#
#.......###...)............#
#.###...# ###>.#######.....#
#.# #...#####.............##
#.###.....[@ol......#######
#........#.###.####.#
#####.##.#.# #.# #.# ##
#.##.#.# #.# #.# #. #.##.#.#
#.####.#######. #.##.#.#
#.............. #.##.#.#
######..#######
#.##.#.########..#
#.##.#...........#


You could see an orc warrior and an iguana.

Vanquished Creatures
  An ogre (D:4)
  A scorpion (D:4)
  A quasit (D:4)
  2 hounds (D:4)
  2 sleepcaps
  An orc wizard (D:4)
  3 adders
  2 dart slugs
  2 ribbon worms
  4 orcs
  4 ball pythons
  9 endoplasms
  2 giant cockroaches
  11 goblins
  9 hobgoblins
  7 kobolds
  2 quokkas
  4 bats
  2 frilled lizards
  5 rats
74 creatures vanquished.

Notes
Turn   | Place    | Note
-------+----------+-------------------------------------------
     0 | D:1      | horus123 the Demonspawn Gladiator began the quest for the
                  | Orb.
     0 | D:1      | Reached XP level 1. HP: 16/16 MP: 1/1
   123 | D:1      | Gained mutation: Your touch may inflict minor irresistible
                  | damage on your foes. [demonic ancestry]
   123 | D:1      | Reached XP level 2. HP: 23/23 MP: 2/2
   291 | D:1      | Reached XP level 3. HP: 29/29 MP: 3/3
   843 | D:2      | Found a faded altar of an unknown god.
   991 | D:2      | Reached skill level 3 in Maces & Flails
  1074 | D:2      | Gained mutation: You regenerate a little health from kills.
                  | [demonic ancestry]
  1074 | D:2      | Reached XP level 4. HP: 37/37 MP: 4/4
  1095 | D:2      | Found a shimmering blue altar of Sif Muna.
  1107 | D:2      | Became a worshipper of Sif Muna the Loreminder
  1631 | D:3      | Found a basalt altar of Yredelemnul.
  1915 | D:3      | Reached * piety under Sif Muna
  2076 | D:3      | Found a blossoming altar of Fedhas.
  2165 | D:4      | Noticed a scorpion
  2176 | D:4      | Killed a scorpion
  2177 | D:4      | Reached skill level 4 in Maces & Flails
  2177 | D:4      | Gained mutation: Your movements are slightly less
                  | encumbered by armour. (ER -2) [demonic ancestry]
  2177 | D:4      | Reached XP level 5. HP: 16/42 MP: 5/5
  2449 | D:4      | Noticed an ogre
  2455 | D:4      | Killed an ogre
  2456 | D:4      | Reached skill level 5 in Maces & Flails
  2456 | D:4      | Gained mutation: A meltable shield of frost defends you.
                  | (SH +4) [demonic ancestry]
  2456 | D:4      | Reached XP level 6. HP: 17/48 MP: 6/6
  2716 | D:4      | Found a burning altar of Makhleb.
  2720 | D:4      | Reached skill level 1 in Armour
  3114 | D:5      | Entered Level 5 of the Dungeon
  3141 | D:5      | Found a transporter.
  3215 | D:5      | Noticed an orc warrior
  3276 | D:4      | HP: 2/48 [orc warrior/+1 hand axe of freezing (5)]
  3276 | D:4      | Slain by an orc warrior

Illustrated notes

Levels and vault maps discovered:
D:1:      doesnt_arrival_eight_statues, layout_loops_ring, minmay_pentomino_z4
D:2:      minmay_spotlight, layout_basic, basic_altar,
          shapermc_ecumenical_altar_mp_ritualfount
D:3:      layout_basic, mainiacjoe_overflow_catwalk,
          mainiacjoe_overflow_alcove_4
D:4:      layout_loops_ring, makhleb_blood_cavern_becter
D:5:      gammafunk_wand_slinger, layout_basic, nicolae_vehumet_radiance,
          trog_three_pillars_becter, serial_demonic, serial_demonic_c,
          serial_demonic_a, serial_demonic_g, serial_demonic_c, uniq_pikel

Skill      XL: |  1  2  3  4  5  6 |
---------------+-------------------+-----
Fighting       | 3 4 |  4.0
Maces & Flails | 3 4 5 |  5.3
Armour         | 2 |  2.7
Throwing       | |  1.7
Dodging        | |  2.6

Action                     |  1- 3 |  4- 6 || total
---------------------------+-------+-------++-------
  Melee: Flail             |   116 |   163 ||   279
         Punch             |     2 |       ||     2
         Touch             |     5 |       ||     5
  Throw: Boomerang         |     9 |     6 ||    15
 Armour: Leather armour    |    67 |       ||    67
         Chain mail        |    16 |   140 ||   156
  Dodge: Dodged            |    96 |    40 ||   136
  Block: Kite shield       |    15 |   118 ||   133

Table legend: (Time is in decaauts)
 A = Elapsed time spent in this place.
 B = Non-inter-level travel time spent in this place.
 C = Inter-level travel time spent in this place.
 D = Time resting spent in this place.
 E = Time spent auto-exploring this place.
 F = Levels seen in this place.
 G = Mean time per level.
                   A        B        C        D        E       F      G
               +--------+--------+--------+--------+--------+-----+--------+
         Total |   3373 |   3254 |    119 |    314 |   2180 |   5 |  674.6 |
       Dungeon |   3373 |   3254 |    119 |    314 |   2180 |   5 |  674.6 |
               +--------+--------+--------+--------+--------+-----+--------+

Top non-repeatable levels by time:
     D:4: 1061 daAuts
     D:2: 825 daAuts
     D:1: 737 daAuts
     D:3: 618 daAuts
     D:5: 130 daAuts
